 Dungeon Crawl Stone Soup version 0.29-a0-1023-g6ae1a4a2c7 (webtiles) character file.

Game seed: 303027379635446018

441 spaghetti the Trooper (level 7, -4/68 (79) HPs)
             Began as an Ogre Chaos Knight on Aug 11, 2022.
             Was a Plaything of Xom.
             Slain by an ogre
             ... wielding a +0 giant club
              (12 damage)
             ... on level 4 of the Dungeon.
             The game lasted 00:08:56 (5209 turns).

spaghetti the Trooper (Ogre Chaos Knight)           Turns: 5209, Time: 00:08:56

HP:   -4/68 (79)    AC:  5    Str: 16 (19) XL:     7   Next: 2%
MP:   16/16         EV: 10    Int: 16 (18) God:    Xom [*.....]
Gold: 241           SH:  0    Dex:  9 (11) Spells: 5/6 levels left

rFire   + . .      SeeInvis .     - Unarmed
rCold   . . .      Faith    .   (no shield)
rNeg    . . .      Spirit   .   a - +2 robe
rPois   .          Reflect  .   (helmet restricted)
rElec   .          Harm     .   (no cloak)
rCorr   .          Rampage  .   (gloves unavailable)
Will    .....                   (boots unavailable)
Stlth   +.........              (no amulet)
HPRegen 0.21/turn               j - +6 ring of strength
MPRegen 0.15/turn               w - ring of magical power

@: about to teleport, heavily drained
A: large, unfitting armour, tough skin 1, agile 1, clever 1, fire resistance 1,
passive freeze, weak 1
a: Renounce Religion


You were on level 4 of the Dungeon.
You worshipped Xom.
You were a special plaything of Xom.
You visited 2 branches of the dungeon, and saw 6 of its levels.

You collected 241 gold pieces.


Innate Abilities, Weirdness & Mutations

You are too large for most types of armour.
You have tough skin. (AC +1)
You are agile. (Dex +4, Str/Int -1)
Your mind is acute. (Int +4, Str/Dex -1)
Your flesh is heat resistant. (rF+)
A frigid envelope surrounds you and freezes all who hurt you.
You are weak. (Str -2)


   Skills:
 + Level 7.6 Fighting
 - Level 2.1 Dodging
 + Level 5.2 Unarmed Combat


You had 5 spell levels left.
You knew the following spells:

 Your Spells              Type           Power      Damage    Failure   Level
a - Summon Small Mammal   Summ           0%         N/A       26%         1

Your spell library contained the following spells:

 Spells                   Type           Power      Damage    Failure   Level
 Apportation              Tloc           0%         N/A       26%         1
 Necrotise                Necr           0%         1d4       26%         1
 Shock                    Conj/Air       0%         1d3       26%         1
 Dazzling Flash           Conj/Hex       0%         N/A       58%         3
 Swiftness                Air            0%         N/A       58%         3
 Airstrike                Air            0%         2d(0-16)  94%         4
 Iskenderun's Mystic Bla  Conj/Tloc      0%         2d3       94%         4
 Starburst                Conj/Fire      0%         6d3       100%        6

Inventory:

Hand Weapons
 c - a +1 dagger {short}
   (You took it off a goblin on level 1 of the Dungeon)
Missiles
 d - 2 javelins {throwing}
 f - 47 stones {throwing}
 t - a throwing net {=f!fthrowing}
 u - 7 poisoned darts {throwing}
Armour
 a - a +2 robe (worn)
Jewellery
 j - a +6 ring of strength (left hand)
   (You found it on level 1 of the Dungeon)
 w - a ring of magical power (right hand)
   (You found it on level 5 of the Dungeon)
Scrolls
 g - 2 scrolls of amnesia
 h - a scroll of immolation {!r!r}
 i - 2 scrolls of enchant weapon
Potions
 o - a potion of haste {unknown}
 p - a potion of resistance {unknown}
 q - a potion of cancellation
Miscellaneous
 b - a piece from Xom's chessboard (9/15) (quivered)

Dungeon Overview and Level Annotations

Branches:
Dungeon (5/15) Zot: 24809  Temple (1/1) D:4 Zot: 5998

Altars:
Ashenzari
Hepliaklqana
Kikubaaqudgha
Makhleb
Nemelex Xobeh
Okawaru
Qazlal
Ru
Trog
Uskayaw
Vehumet
Wu Jian
Yredelemnul
Zin
The Shining One

Annotations:
D:3 1 runed translucent door, Manisian's ghost, amateur OpTm
D:5 Edmund; Pikel

#....# ####.........#
###..#### #.###.....#
#.......# #.# ##..###
..#####.# #.# #...#
...####.## ###.####.#.##
##....#..####...##...#..#
####...................#
####....#........####
####....{@...##
######.[...####
#######.....[<..##
..O...>.......#.#
......####..#...#
....>......###..#
...#..[##### ####
.#####[.### .# ##...#####


There were no monsters in sight!


Message History

Your hp is fully restored (66).
You start waiting.
Done waiting.
Unknown command.
You climb downwards.
There is a stone staircase leading up here.
Unknown command.
Unknown command.
A gnoll is nearby!
A gnoll is nearby!
(D) Dungeon (T) Temple
Where to? (Enter - D:5, ? - help)
A gnoll is nearby!
Unknown command.
Unknown command.
Unknown command.
Unknown command.
The gnoll hits you but does no damage.
You closely miss the gnoll. Your punch misses the gnoll.
The gnoll hits you with a +0 flail.
The gnoll is very cold. 😕 HP[-4]
You take 4 damage, and now have 62/66 hp.
You are too injured to fight recklessly!
You are too injured to fight recklessly!
You are too injured to fight recklessly!
You are too injured to fight recklessly!
You are too injured to fight recklessly!
You are too injured to fight recklessly!
You are too injured to fight recklessly!
You are too injured to fight recklessly!
A gnoll is nearby!
A gnoll is nearby!
You hit the gnoll. You hit the gnoll. The gnoll hits you with a +0 flail!
The gnoll is very cold.
You kill the gnoll! 😕 HP[-7]
You now have 68 max hp (+2).
You take 7 damage, and now have 55/68 hp.
You now have 241 gold pieces (gained 9).
You see here a +0 flail {mace}. 😕 HP[+1]
You are now a special plaything of Xom. 😕 HP[+1] Unknown command.
Unknown command.
Okay, then.
(D) Dungeon (T) Temple
Where to? (Enter - D:5, ? - help)
You see here a +0 flail {mace}.
An ogre is nearby!
Unknown command.
Unknown command.
You are too injured to fight recklessly!
You are too injured to fight recklessly!
You are too injured to fight recklessly!
You are too injured to fight recklessly!
You are too injured to fight recklessly!
You are too injured to fight recklessly!
You are too injured to fight recklessly!
You are too injured to fight recklessly!
You make a move on Xom's chessboard...
The ogre twists and deforms.
You make a move on Xom's chessboard...
The ogre flickers and vanishes!
Deactivating autopickup; reactivate with Ctrl-A.
You can't see anything.
Try to make a move anyway? [Y]es or [N]o only, please.
You can't see anything.
Try to make a move anyway?
You make a move on Xom's chessboard...
Nothing appears to happen. 😕 HP[+1]
You can't see anything.
Try to make a move anyway? [Y]es or [N]o only, please.
You can't see anything.
Try to make a move anyway?
You make a move on Xom's chessboard...
Nothing appears to happen.
You can't see anything.
Try to make a move anyway?
You make a move on Xom's chessboard...
Nothing appears to happen.
You can't see anything.
Try to make a move anyway?
You make a move on Xom's chessboard...
Nothing appears to happen.
You hit something. Something hits you! 😮 HP[-14]
You take 14 damage, and now have 44/68 hp.
MASSIVE DAMAGE!! (PAUSE) Unknown command.
You closely miss something. Something hits you!!
* * * LOW HITPOINT WARNING * * *
😨 HP[-22]
You take 22 damage, and now have 22/68 hp.
MASSIVE DAMAGE!! (PAUSE)
Okay, then.
It was a potion of mutation.
You feel extremely strange.
You no longer feel cold resistant.
You feel stronger.
You feel weaker.
You feel agile.
Xom thinks this is hilarious!
It was a potion of cancellation.
You feel magically purged. Something hits you!
* * * LOW HITPOINT WARNING * * *
😱 HP[-14]
You take 14 damage, and now have 8/68 hp.
MASSIVE DAMAGE!! (PAUSE)
As you read the scroll of teleportation {@r4}, it crumbles to dust.
You feel strangely unstable. Something hits you!
You die...

Skill      XL: |  1  2  3  4  5  6 |
---------------+-------------------+-----
Unarmed Combat | 3 4 5 |  5.2
Fighting       | 5 6 7 |  7.6
Dodging        | |  2.1

Action                   |  1- 3 |  4- 6 |  7- 9 || total
-------------------------+-------+-------+-------++-------
Melee: Unarmed           |   148 |   150 |     5 ||   303
       Punch             |     1 |     6 |       ||     7
 Cast: Summon Small Mamm |     6 |     2 |       ||     8
Evoke: Piece from Xom's  |       |       |     6 ||     6
  Use: Potion            |       |     6 |     2 ||     8
       Scroll            |       |     9 |     2 ||    11
 Stab: Invisible         |       |     2 |       ||     2
Armor: Robe              |    57 |    63 |     1 ||   121
Dodge: Dodged            |    68 |    86 |       ||   154

Levels and vault maps discovered:
D:1:      lemuel_arrival_hallway, layout_basic, minivault_27
D:2:      layout_basic, hellmonk_ecumenical_altar_arch_garden, basic_altar
D:3:      layout_basic, gammafunk_ghost_grave, minmay_crystal_water
D:4:      layout_rooms, minmay_temple_entry_offerings
D:5:      layout_rooms, portal_sewer_entry_e, nicolae_kite_square_tiling_tiny,
          hex_large, hangedman_decor_peaks_small, uniq_pikel, uniq_edmund
Temple:   minmay_freezing_vapour_temple

Notes
Turn   | Place    | Note
-------+----------+-------------------------------------------
     0 | D:1      | spaghetti the Ogre Chaos Knight began the quest for the
                  | Orb.
     0 | D:1      | Reached XP level 1. HP: 24/24 MP: 1/1
     0 | D:1      | magus.rc [v1.9.6]
    30 | D:1      | XOM: silly message
   143 | D:1      | Reached skill level 3 in Unarmed Combat
   143 | D:1      | Reached XP level 2. HP: 32/33 MP: 2/2
   198 | D:1      | XOM: silly message
   357 | D:1      | You pick up a book of Cantrips and begin reading...
   357 | D:1      | You add the spells Necrotise, Summon Small Mammal and
                  | Apportation to your library.
   396 | D:1      | Learned a level 1 spell: Summon Small Mammal
   645 | D:1      | XOM: silly message
   662 | D:1      | Reached XP level 3. HP: 30/41 MP: 1/3
  1055 | D:1      | Reached skill level 5 in Fighting
  1378 | D:1      | XOM is BORED!
  1396 | D:2      | Found a faded altar of an unknown god.
  1458 | D:2      | Found a hazy altar of Hepliaklqana.
  1548 | D:2      | XOM: silly message
  1567 | D:2      | XOM: noise
  1596 | D:2      | XOM: noise
  1638 | D:2      | Reached XP level 4. HP: 37/50 MP: 2/4
  2220 | D:3      | Noticed a black bear
  2228 | D:3      | XOM: silly message
  2229 | D:3      | HP: 10/50 [black bear (4)]
  2230 | D:3      | Killed a black bear
  2231 | D:3      | Reached skill level 6 in Fighting
  2231 | D:3      | Reached skill level 4 in Unarmed Combat
  2231 | D:3      | Reached XP level 5. HP: 8/59 MP: 5/5
  2234 | D:3      | HP: 10/59 [goblin/+0 club (1)]
  2241 | D:3      | HP: 14/59 [adder (2)]
  2370 | D:3      | XOM: give mutations
  2370 | D:3      | Gained mutation: Your mind is acute. (Int +4, Str/Dex -1)
                  | [Xom's grace]
  2370 | D:3      | Gained mutation: Your flesh is heat resistant. (rF+) [Xom's
                  | grace]
  2370 | D:3      | Gained mutation: A frigid envelope surrounds you and
                  | freezes all who hurt you. [Xom's grace]
  2385 | D:3      | XOM: divination: detect creatures
  2601 | D:3      | Found a runed translucent door.
  2602 | D:3      | Noticed Manisian's ghost (amateur OpTm)
  2740 | D:3      | XOM: god gift: scroll labelled RYUPU IS JYCI {god gift}
  2969 | D:3      | You pick up a book of Air and begin reading...
  2969 | D:3      | You add the spells Shock, Swiftness and Airstrike to your
                  | library.
  3326 | D:4      | Reached XP level 6. HP: 68/68 MP: 6/6
  3424 | D:4      | Reached skill level 7 in Fighting
  3439 | D:4      | Reached skill level 5 in Unarmed Combat
  3689 | D:4      | Found a staircase to the Ecumenical Temple.
  3700 | D:4      | You pick up a book of Spectacle and begin reading...
  3700 | D:4      | You add the spells Dazzling Flash, Iskenderun's Mystic
                  | Blast and Starburst to your library.
  3703 | D:4      | XOM: give mutations
  3703 | D:4      | Gained mutation: You are weak. (Str -2) [Xom's mischief]
  3703 | D:4      | Gained mutation: Your flesh is cold resistant. (rC+) [Xom's
                  | mischief]
  3708 | Temple   | Entered the Ecumenical Temple
  3765 | D:4      | XOM: 3-stop teleportation journey
  3771 | D:4      | XOM: summons 4 hostile demons
  3969 | D:4      | XOM: summons 4 hostile demons
  4175 | D:5      | Entered Level 5 of the Dungeon
  4281 | D:5      | Noticed Pikel
  4284 | D:5      | Noticed Edmund
  4297 | D:5      | HP: 13/71 [/a scroll of torment (11)]
  4318 | D:5      | XOM: noise
  4336 | D:5      | XOM: confuse monster(s)
  4591 | D:5      | XOM: blink monster(s)
  4610 | D:5      | XOM: summons 1 hostile shadow creature
  4616 | D:4      | Reached XP level 7. HP: 58/78 MP: 7/7
  4697 | D:4      | XOM: torment (40/78 hp)
  4716 | D:4      | XOM: draining
  4823 | D:5      | HP: 11/66 [ogre/+0 giant club (13)]
  5207 | D:4      | Lost mutation: Your flesh is cold resistant. (rC+) [potion
                  | of mutation]
  5207 | D:4      | Lost mutation: You are weak. (Str -2) [potion of mutation]
  5207 | D:4      | Gained mutation: You are weak. (Str -2) [potion of
                  | mutation]
  5207 | D:4      | Gained mutation: You are agile. (Dex +4, Str/Int -1)
                  | [potion of mutation]
  5208 | D:4      | HP: 8/68 [something (14)]
  5209 | D:4      | Slain by an ogre

Vanquished Creatures
  A black bear (D:3)
  A lemure (D:5)
  A necrophage (D:4)
  3 hounds
  An orc wizard (D:4)
  A gnoll (D:4)
  6 adders
  An ufetubus (D:3)
  2 worms (D:2)
  3 dart slugs
  10 orcs
  8 endoplasms
  3 giant cockroaches
  13 goblins
  2 hobgoblins
  3 jackals (D:1)
  3 quokkas
  7 ball pythons
  10 bats
  2 frilled lizards
  5 kobolds
  9 rats
95 creatures vanquished.

Vanquished Creatures (collateral kills)
  A hobgoblin (D:2)
1 creature vanquished.

Vanquished Creatures (others)
  2 withered plants (D:3)
2 creatures vanquished.

Grand Total: 98 creatures vanquished

Table legend:
 A = Non-vault XP
 B = Vault XP
 C = Vault XP percentage of total XP
 D = Non-vault monster count
 E = Vault monster count
 F = Vault count percentage of total count
                 A         B        C        D         E       F
            +---------+---------+-------+---------+---------+-------
      Total |     631 |       0 |   0.0 |      95 |       0 |   0.0
            +---------+---------+-------+---------+---------+-------
        D:1 |      58 |       0 |   0.0 |      30 |       0 |   0.0
        D:2 |      34 |       0 |   0.0 |      18 |       0 |   0.0
        D:3 |     220 |       0 |   0.0 |      25 |       0 |   0.0
        D:4 |     233 |       0 |   0.0 |      20 |       0 |   0.0
        D:5 |      86 |       0 |   0.0 |       2 |       0 |   0.0
            +---------+---------+-------+---------+---------+-------

Illustrated notes

Table legend:
 A = Kills in this place as a percentage of kills in entire the game.
 B = Kills by you in this place as a percentage of kills by you in the entire game.
 C = Kills by friends in this place as a percentage of kills by friends in the entire game.
 D = Other kills in this place as a percentage of other kills in the entire game.
 E = Experience gained in this place as a percentage of experience gained in the entire game.
 F = Experience gained in this place divided by the number of levels of this place that you have seen.
                   A       B       C       D       E      F
               +-------+-------+-------+-------+-------+----------------------
         Total | 100.0 | 100.0 | 100.0 |   N/A | 100.0 | 105.2
       Dungeon | 100.0 | 100.0 | 100.0 |   N/A | 100.0 | 126.2
               +-------+-------+-------+-------+-------+----------------------

Table legend: (Time is in decaauts)
 A = Elapsed time spent in this place.
 B = Non-inter-level travel time spent in this place.
 C = Inter-level travel time spent in this place.
 D = Time resting spent in this place.
 E = Time spent auto-exploring this place.
 F = Levels seen in this place.
 G = Mean time per level.
                   A        B        C        D        E       F      G
               +--------+--------+--------+--------+--------+-----+--------+
         Total |   5190 |   5105 |     85 |    831 |   3499 |   6 |  865.0 |
       Dungeon |   5189 |   5104 |     85 |    831 |   3499 |   5 | 1037.8 |
        Temple |      1 |      1 |      0 |      0 |      0 |   1 |    1.0 |
               +--------+--------+--------+--------+--------+-----+--------+

Top non-repeatable levels by time:
     D:3: 1437 daAuts
     D:4: 1411 daAuts
     D:1: 1385 daAuts
     D:2: 743 daAuts
     D:5: 211 daAuts
  Temple: 1 daAuts
